 Dungeon Crawl Stone Soup version 0.30-a0-159-g068b764562 (webtiles) character file.

Game seed: 6817128425943774724

55 spaghetti the Chopper (level 3, -3/25 (31) HPs)
             Began as a Gnoll Reaver on Sept 28, 2022.
             Killed from afar by an orc wizard (6 damage)
             ... with a magic dart
             ... on level 3 of the Dungeon.
             The game lasted 00:04:06 (2360 turns).

spaghetti the Chopper (Gnoll Reaver)                Turns: 2360, Time: 00:04:07

HP:   -3/25 (31)    AC:  3    Str: 11    XL:     3   Next: 93%
MP:   9/9           EV: 12    Int: 20    God:
Gold: 171           SH:  0    Dex: 10    Spells: 6/12 levels left

rFire   . . .      SeeInvis .    q - +2 quarterstaff "Wilowemei" {vorpal, Int+6, staff}
rCold   . . .      Faith    .    (shield currently unavailable)
rNeg    . . .      Spirit   .    b - +0 leather armour
rPois   .          Reflect  .    (no helmet)
rElec   .          Harm     .    (no cloak)
rCorr   .          Rampage  .    (no gloves)
Will    .....                    (no boots)
Stlth   +.........               (no amulet)
HPRegen 0.08/turn                (no ring)
MPRegen 0.11/turn                (no ring)

@: hasted, heavily drained, very quick
A: fangs 1, strong nose, distributed training
a: no special abilities


You were on level 3 of the Dungeon.
You visited 1 branch of the dungeon, and saw 3 of its levels.

You collected 171 gold pieces.


Innate Abilities, Weirdness & Mutations

You have very sharp teeth.
Your uncanny sense of smell can sniff out nearby items.
Your experience applies equally to all skills.


   Skills:
 + Level 4.6 Fighting
 + Level 1.0 Short Blades
 + Level 1.0 Long Blades
 + Level 6.5 Axes
 + Level 1.0 Maces & Flails
 + Level 1.0 Polearms
 + Level 1.0 Staves
 + Level 1.0 Ranged Weapons
 + Level 1.0 Throwing
 + Level 1.0 Armour
 + Level 4.6 Dodging
 + Level 1.0 Stealth
 + Level 1.0 Shields
 + Level 1.0 Unarmed Combat
 + Level 5.0 Spellcasting
 + Level 5.4 Conjurations
 + Level 0.7 Hexes
 + Level 0.7 Summonings
 + Level 0.7 Necromancy
 + Level 0.7 Translocations
 + Level 0.7 Transmutations
 + Level 0.7 Fire Magic
 + Level 0.7 Ice Magic
 + Level 0.7 Air Magic
 + Level 0.7 Earth Magic
 + Level 0.7 Poison Magic
 + Level 1.1 Invocations
 + Level 1.0 Evocations


You had 6 spell levels left.
You knew the following spells:

 Your Spells              Type           Power      Damage    Failure   Level
a - Kiss of Death         Conj/Necr      68%        2d10      4%          1
b - Volcanic Tap          Conj/Fire/Erth 28%        3d9       9%          2
c - Hailstorm             Conj/Ice       17%        3d6       13%         3

Your spell library contained the following spells:

 Spells                   Type           Power      Damage    Failure   Level


Inventory:

Hand Weapons
 a - a +0 hand axe {axe}
 c - a +1 short sword of speed {short}
   (You found it on level 1 of the Dungeon)
 q - the +2 quarterstaff "Wilowemei" (weapon) {vorpal, Int+6, staff}
   (You found it on level 2 of the Dungeon)

   It inflicts extra damage upon your enemies.
   Int:       It affects your intelligence (+6).
Missiles
 e - 17 stones {throwing}
 h - 2 javelins {throwing}
 m - 2 poisoned darts {throwing}
Armour
 b - a +0 leather armour (worn)
Scrolls
 g - 2 scrolls of torment {unknown}
 i - 2 scrolls of enchant armour {unknown}
 k - a scroll of identify {unknown}
 n - a scroll of immolation {unknown}
 o - 2 scrolls of fear {unknown}
 r - a scroll of magic mapping {unknown}
 s - a scroll of fog {unknown}
Potions
 l - a potion of curing {unknown}
 p - a potion of attraction {unknown}

Dungeon Overview and Level Annotations

Branches:
Dungeon (3/15) Zot: 15664

Altars:
Xom

Shops:
D:1

: ...........####...#.#.#
....................#.#
.##.....<..####.#####.#
.##........####.......##
.##.#####..............####
.##.# ###########.#.....#
.##.# #............# .##.#
#..ow.)......# .##.#
#..@{........# ...
.......{.........#
############.....# ...)..#
......# .....# ....#


You could see a worm and an orc.


Message History

You hear some strange, mumbled words.
A puff of flame appears from out of thin air!
The puff of flame hits you! 😮 HP[-5]
You take 5 damage, and now have 16/25 hp.
Unknown command.
Unknown command.
Unknown command.
You barely miss the orc. The worm closely misses you.
You hear some strange, mumbled words.
A puff of flame appears from out of thin air!
The puff of flame hits you. The orc hits you with a +0 dagger.
* * * LOW HITPOINT WARNING * * *
😨 HP[-4]
You take 4 damage, and now have 12/25 hp.
Unknown command.
Unknown command.
You sock the orc!
You kill the orc!
Something hits you. The worm barely misses you. 😮 HP[+4]
You regained 4 hp, and now have 16/25 hp.
Unknown command.
Unknown command.
You're too confused to move!
You feel less invigorated. The orc hits you with a +0 hand axe.
Something hits you.
* * * LOW HITPOINT WARNING * * *
The orc wizard hits you with a +0 dagger.
* * * LOW HITPOINT WARNING * * *
😨 HP[-7]
You take 7 damage, and now have 9/25 hp.
MASSIVE DAMAGE!! (PAUSE) Unknown command.
Something hits you.
* * * LOW HITPOINT WARNING * * *
😨 HP[-2]
You take 2 damage, and now have 7/25 hp.
You are more confused.
You feel invigorated. The orc hits you with a +0 hand axe.
* * * LOW HITPOINT WARNING * * *
Something hits you.
* * * LOW HITPOINT WARNING * * *
😨 HP[+1] Unknown command.
Unknown command.
Unknown command.
Unknown command.
Unknown command.
The worm completely misses you. 😨 HP[+4]
You regained 4 hp, and now have 12/25 hp.
Unknown command.
Unknown command.
Something hits you but does no damage. The worm bites you. 😮 HP[+2]
You regained 2 hp, and now have 14/25 hp.
Unknown command.
Unknown command.
You miss something.
The orc hits you but does no damage. 😕 HP[+5]
You regained 5 hp, and now have 19/25 hp.
Unknown command.
Unknown command.
You barely miss something. The orc closely misses you. Something hits you.
The orc wizard hits you with a +0 dagger.
The worm misses you. 😕 HP[+1] Unknown command.
Unknown command.
You miss the orc wizard.
You feel less invigorated. The orc completely misses you. Something hits you.
The orc wizard gestures wildly while chanting.
The orc wizard flickers and vanishes!
The worm bites you! Something hits you but does no damage.
The orc hits you with a +0 hand axe!
* * * LOW HITPOINT WARNING * * *
Something hits you.
* * * LOW HITPOINT WARNING * * *
😱 HP[-15]
You take 15 damage, and now have 5/25 hp.
MASSIVE DAMAGE!! (PAUSE) Unknown command.
Unknown command.
Unknown command.
It was a potion of cancellation.
Your magical effects are unravelling.
You feel magically purged.
You feel less confused. The orc closely misses you.
Something hits you but does no damage. Something hits you.
* * * LOW HITPOINT WARNING * * *
😱 HP[-2]
You take 2 damage, and now have 3/25 hp.
It was a potion of haste.
You feel yourself speed up. The worm closely misses you.
The orc barely misses you. Something hits you.
* * * LOW HITPOINT WARNING * * *
You hear some strange, mumbled words.
A magic dart appears from out of thin air!
The magic dart hits you.
You die...

Skill      XL: |  1  2  3 |
---------------+----------+-----
Spellcasting   | 5 |  5.0
Invocations    | 1 |  1.1
Short Blades   | 1 |  1.0
Long Blades    | 1 |  1.0
Maces & Flails | 1 |  1.0
Polearms       | 1 |  1.0
Staves         | 1 |  1.0
Ranged Weapons | 1 |  1.0
Throwing       | 1 |  1.0
Armour         | 1 |  1.0
Stealth        | 1 |  1.0
Shields        | 1 |  1.0
Unarmed Combat | 1 |  1.0
Evocations     | 1 |  1.0
Fighting       | |  4.6
Axes           | |  6.5
Dodging        | |  4.6
Conjurations   | |  5.4
Hexes          | |  0.7
Summonings     | |  0.7
Necromancy     | |  0.7
Translocations | |  0.7
Transmutations | |  0.7
Fire Magic     | |  0.7
Ice Magic      | |  0.7
Air Magic      | |  0.7
Earth Magic    | |  0.7
Poison Magic   | |  0.7

Action                   || total
-------------------------++-------
Melee: Short sword       ||    77
       Bite              ||    10
       Quarterstaff      ||    16
 Cast: Kiss of Death     ||     2
       Hailstorm         ||     1
  Use: Potion            ||     4
Armor: Leather armour    ||    23
Dodge: Dodged            ||    56

Levels and vault maps discovered:
D:1:      kennysheep_arrival_forest, layout_loops_cross, serial_shops, shop,
          dreamdust_ecumenical_altar_statues, kennysheep_nondescript,
          kennysheep_minor_cross, minmay_pentomino_s2
D:2:      layout_basic, basic_altar, minmay_misc_feat_diagonals
D:3:      layout_basic, old_standard_altar, kennysheep_flooded_box

Notes
Turn   | Place    | Note
-------+----------+-------------------------------------------
     0 | D:1      | spaghetti the Gnoll Reaver began the quest for the Orb.
     0 | D:1      | Reached XP level 1. HP: 20/20 MP: 6/6
     0 | D:1      | magus.rc [v1.9.6]
    65 | D:1      | Found Feliuqoc's Book Shoppe.
   257 | D:1      | Reached XP level 2. HP: 26/26 MP: 7/7
   544 | D:1      | Found a faded altar of an unknown god.
  1169 | D:2      | Found a shimmering altar of Xom.
  1372 | D:2      | Reached skill level 5 in Spellcasting
  1372 | D:2      | Reached XP level 3. HP: 21/28 MP: 5/9
  1382 | D:2      | Reached skill level 1 in Invocations
  1543 | D:2      | Identified the +2 quarterstaff "Wilowemei" {vorpal, Int+6}
  1613 | D:2      | Reached skill level 1 in Short Blades
  1613 | D:2      | Reached skill level 1 in Long Blades
  1613 | D:2      | Reached skill level 1 in Maces & Flails
  1613 | D:2      | Reached skill level 1 in Polearms
  1613 | D:2      | Reached skill level 1 in Staves
  1613 | D:2      | Reached skill level 1 in Ranged Weapons
  1613 | D:2      | Reached skill level 1 in Throwing
  1613 | D:2      | Reached skill level 1 in Armour
  1613 | D:2      | Reached skill level 1 in Stealth
  1613 | D:2      | Reached skill level 1 in Shields
  1613 | D:2      | Reached skill level 1 in Unarmed Combat
  1613 | D:2      | Reached skill level 1 in Evocations
  1617 | D:2      | Learned a level 2 spell: Volcanic Tap
  1621 | D:2      | Learned a level 3 spell: Hailstorm
  2007 | D:3      | Found a shimmering altar of Xom.
  2358 | D:3      | HP: 6/25 [orc/+0 hand axe (7)]
  2360 | D:3      | Killed from afar by an orc wizard

Vanquished Creatures
  2 adders (D:2)
  An orc (D:3)
  A ball python (D:2)
  2 bats (D:2)
  3 endoplasms
  A giant cockroach (D:1)
  4 goblins
  5 hobgoblins
  3 quokkas
  A frilled lizard (D:3)
  4 kobolds
  7 rats
34 creatures vanquished.

Table legend:
 A = Non-vault XP
 B = Vault XP
 C = Vault XP percentage of total XP
 D = Non-vault monster count
 E = Vault monster count
 F = Vault count percentage of total count
                 A         B        C        D         E       F
            +---------+---------+-------+---------+---------+-------
      Total |      76 |       3 |   3.8 |      32 |       2 |   5.9
            +---------+---------+-------+---------+---------+-------
        D:1 |      18 |       3 |  14.3 |      11 |       2 |  15.4
        D:2 |      48 |       0 |   0.0 |      15 |       0 |   0.0
        D:3 |      10 |       0 |   0.0 |       6 |       0 |   0.0
            +---------+---------+-------+---------+---------+-------

Illustrated notes

Table legend:
 A = Kills in this place as a percentage of kills in entire the game.
 B = Kills by you in this place as a percentage of kills by you in the entire game.
 C = Kills by friends in this place as a percentage of kills by friends in the entire game.
 D = Other kills in this place as a percentage of other kills in the entire game.
 E = Experience gained in this place as a percentage of experience gained in the entire game.
 F = Experience gained in this place divided by the number of levels of this place that you have seen.
                   A       B       C       D       E      F
               +-------+-------+-------+-------+-------+----------------------
         Total | 100.0 | 100.0 |   N/A |   N/A | 100.0 |  26.3
       Dungeon | 100.0 | 100.0 |   N/A |   N/A | 100.0 |  26.3
               +-------+-------+-------+-------+-------+----------------------

Table legend: (Time is in decaauts)
 A = Elapsed time spent in this place.
 B = Non-inter-level travel time spent in this place.
 C = Inter-level travel time spent in this place.
 D = Time resting spent in this place.
 E = Time spent auto-exploring this place.
 F = Levels seen in this place.
 G = Mean time per level.
                   A        B        C        D        E       F      G
               +--------+--------+--------+--------+--------+-----+--------+
         Total |   2334 |   2265 |     69 |      6 |   2028 |   3 |  778.0 |
       Dungeon |   2334 |   2265 |     69 |      6 |   2028 |   3 |  778.0 |
               +--------+--------+--------+--------+--------+-----+--------+

Top non-repeatable levels by time:
     D:2: 1040 daAuts
     D:1: 855 daAuts
     D:3: 439 daAuts
